 Dungeon Crawl Stone Soup version 0.24-a0-487-g57318f2ed0 (webtiles) character file.

Game seed: 17623269558868941969

23206 Murumi the Blocker (level 13, -11/106 HPs)
             Began as a Formicid Fighter on July 11, 2019.
             Was a High Priest of Okawaru.
             Mangled by Saint Roka
             ... wielding a +3 war axe of chopping
              (24 damage)
             ... on level 2 of the Orcish Mines.
             The game lasted 01:03:09 (17013 turns).

Murumi the Blocker (Formicid Fighter)              Turns: 17013, Time: 01:03:10

Health: -11/106    AC: 27    Str: 28      XL:     13   Next: 33%
Magic:  22/27      EV: 12    Int: 10 (11) God:    Okawaru [*****.]
Gold:   2147       SH: 22    Dex: 10      Spells: 12/12 levels left

rFire    . . .     SeeInvis +   x - +1 great sword (protect)
rCold    + + .     Gourm    .   J - +2 shield
rNeg     . . .     Faith    .   B - +0 plate armour {rC+}
rPois    .         Spirit   .   (helmet unavailable)
rElec    .         Reflect  +   E - scarf {cloud immunity}
rCorr    .         Harm     .   q - +0 pair of gloves
MR       +....                  g - +0 pair of boots
Stlth    ..........             A - +5 amulet of reflection
HPRegen  0.27/turn              D - ring of magical power
MPRegen  0.20/turn              y - ring of protection from cold

@: mighty, heroism, finesse, protection aura, very slightly contaminated,
invisible
A: permanent stasis, dig shafts and tunnels, four strong arms, antennae 3,
deterioration 1, screaming 1
a: Dig, Shaft Self, Heroism, Finesse, Renounce Religion


You were on level 2 of the Orcish Mines.
You worshipped Okawaru.
Okawaru was extremely pleased with you.
You were not hungry.

You visited 3 branches of the dungeon, and saw 14 of its levels.
You also visited: Bailey.

You collected 2147 gold pieces.

Inventory:

Hand Weapons
 h - a +4 scimitar
 x - a +1 great sword of protection (weapon)
Missiles
 i - 32 boomerangs (quivered)
 j - 352 stones
 l - 49 bolts
 m - 12 poisoned darts
 v - 6 silver boomerangs
Armour
 g - a +0 pair of boots (worn)
 q - a +0 pair of gloves (worn)
 B - a +0 plate armour of cold resistance (worn)
 E - a scarf of cloud immunity (worn)
 J - a +2 shield (worn)
Jewellery
 r - an uncursed ring of stealth
 y - a ring of protection from cold (right hand)
 A - a +5 amulet of reflection (around neck)
 D - a ring of magical power (left hand)
Wands
 k - a wand of iceblast (20)
 n - a wand of random effects (17)
 z - a wand of polymorph (18)
 G - a wand of flame (14)
 H - a wand of digging (5)
Scrolls
 b - 2 scrolls of enchant armour
 w - 2 scrolls of fog
Potions
 a - a potion of ambrosia
 d - 2 potions of might
 e - 5 potions of brilliance
 o - 2 potions of mutation
 p - a potion of magic
 s - 4 potions of flight
 u - a potion of curing
 C - a potion of haste
Comestibles
 f - 16 rations


   Skills:
 - Level 11.1(16.1) Fighting
 + Level 9.9(14.9) Long Blades
 - Level 11.0(16.0) Armour
 - Level 4.3(9.3) Dodging
 - Level 12.0(17.0) Shields
 - Level 7.0 Invocations
 - Level 6.1 Evocations


You had 12 spell levels left.
You didn't know any spells.
Your spell library contained the following spells:

 Spells                   Type           Power        Failure   Level  Hunger
 Shock                    Conj/Air       #...         91%         1    ##.....
 Swiftness                Chrm/Air       #.......     97%         2    ###....
 Static Discharge         Conj/Air       #.......     100%        3    ####...
 Airstrike                Air            #.........   100%        4    #####..
 Lightning Bolt           Conj/Air       #.........   100%        5    ######.


Dungeon Overview and Level Annotations

Branches:
Dungeon (11/15)            Temple (1/1) D:4            Lair (0/6) D:9
    Orc (2/2) D:11            Elf (0/3) Orc:2

Altars:
Ashenzari
Cheibriados
Dithmenos
Elyvilon
Fedhas
Gozag
Hepliaklqana
Kikubaaqudgha
Makhleb
Nemelex Xobeh
Okawaru
Qazlal
Ru
Sif Muna
Trog
Uskayaw
Vehumet
Wu Jian
Xom
Yredelemnul
Zin
The Shining One
Beogh

Shops:
D:11 [   Orc:2 ([

Annotations:
Orc:2 Saint Roka


Innate Abilities, Weirdness & Mutations

You cannot be hasted, slowed, berserked, paralysed or teleported.
You can dig through walls and to a lower floor.
Your four strong arms can wield two-handed weapons with a shield.
You have a pair of large antennae on your head. (SInv)
Your body sometimes deteriorates upon taking damage.
You occasionally shout uncontrollably at your foes.


Message History

Saint Roka is moderately wounded.
Saint Roka says, "Down here, you're an orc or you're nobody."
You start resting.
You sense a monster nearby.
You start resting.
All of the chunks of flesh in your inventory have rotted away.
Saint Roka is too close now for your liking.
You cut Saint Roka into ribbons!!!
Saint Roka is heavily wounded.
You hear a shout! x2
You block Saint Roka's attack.
You catch the helpless Saint Roka completely off-guard!
You hit Saint Roka.
Saint Roka is heavily wounded.
You hit Saint Roka but do no damage.
Saint Roka is heavily wounded.
You slice Saint Roka!!
Saint Roka is heavily wounded.
Saint Roka hits you with a +3 war axe of chopping!!
You die...

.#....######)## #≈...).##
........#.#.#.# #≈..8..##
......)[#..#### ##≈.).o≈##
........<...## #≈§≈..)≈##
)..##........# #≈≈≈≈..≈≈≈
...###.....### ####≈§§≈.....
...###.....## ##.##§§§≈...{.
...#.#......# #####..##≈≈≈....#.
...........## ##@##...###§§8.§§#≈
##.........# #o###...# #§§#.§§#≈
..........## ##.#....# #§§#..§#≈
##.......## ##.....# #§###..#.
.##......#######.#{..######≈#....
##........##.##....).#..≈≈≈≈###8#
........###...##.........§≈≈§§###
..........##.##..........§≈§§§≈≈≈
.<..#....<.#.##.............§≈≈≈≈


You could see Saint Roka.

Vanquished Creatures
  An orc warlord (D:11)
  Snorg (Orc:2)
  An ettin (Orc:1)
  Josephine (Orc:2)
  A two-headed ogre (D:11)
  An orc high priest (D:11)
  2 ogre magi (Orc:2)
  6 orc sorcerers (Orc:2)
  A cyclops (Orc:1)
  An elephant (D:9)
  8 trolls
  Prince Ribbit (D:5)
  3 hippogriffs (D:8)
  A vampire (D:10)
  Sigmund (D:3)
  4 wraiths (Orc:2)
  A wyvern (D:9)
  A yak (D:9)
  2 basilisks (D:9)
  2 hungry ghosts
  6 wargs
  Edmund (D:5)
  A black bear (D:10)
  26 orc warriors
  3 sky beasts
  13 ogres
  5 ice beasts
  4 phantoms
  4 necrophages
  4 centaurs
  A crocodile (D:10)
  2 bullfrogs
  2 big kobolds (D:9)
  3 scorpions
  2 water moccasin skeletons
  8 killer bees
  11 wights
  2 crimson imps
  4 howler monkeys
  A bullfrog zombie (D:10)
  4 hounds
  Ijyb (D:3)
  23 orc priests
  Jessica (D:2)
  4 worker ants
  Natasha (thrice) (D:3)
  3 bullfrog skeletons
  An iguana (D:5)
  29 orc wizards
  A hound zombie (D:11)
  A hound skeleton (D:7)
  A howler monkey zombie (D:10)
  7 adders
  3 gnolls (D:3)
  2 worker ant zombies
  2 oozes
  An adder zombie (D:7)
  2 worms (D:2)
  5 dart slugs
  7 leopard geckos
  70 orcs
  5 giant cockroaches
  13 goblins
  12 hobgoblins
  5 jackals
  21 kobolds
  4 quokkas
  4 bats
  3 frilled lizards
  A quokka skeleton (D:7)
  8 rats
390 creatures vanquished.

Vanquished Creatures (others)
  A centaur (D:10)
  5 kobolds (Bailey)
6 creatures vanquished.

Grand Total: 396 creatures vanquished

Notes
Turn   | Place    | Note
-------+----------+-------------------------------------------
     0 | D:1      | Murumi the Formicid Fighter began the quest for the Orb.
     0 | D:1      | Reached XP level 1. HP: 18/18 MP: 1/1
   149 | D:1      | Reached skill level 4 in Shields
   149 | D:1      | Reached XP level 2. HP: 24/24 MP: 2/2
   282 | D:1      | Reached skill level 1 in Dodging
   393 | D:1      | Reached XP level 3. HP: 29/29 MP: 3/3
   648 | D:2      | Noticed Jessica
   653 | D:2      | Killed Jessica
   653 | D:2      | Reached XP level 4. HP: 25/35 MP: 4/4
   789 | D:2      | Found a bloodstained altar of Trog.
   859 | D:2      | Found a blossoming altar of Fedhas.
   862 | D:2      | Found a stormy altar of Qazlal.
  1063 | D:2      | Reached XP level 5. HP: 37/41 MP: 5/5
  1566 | D:3      | Noticed Ijyb
  1577 | D:3      | Killed Ijyb
  1657 | D:3      | Noticed Natasha
  1673 | D:3      | Killed Natasha
  1673 | D:3      | Reached skill level 1 in Evocations
  1784 | D:3      | Reached XP level 6. HP: 49/49 MP: 7/7
  1839 | D:3      | Noticed Sigmund
  1850 | D:3      | Killed Sigmund
  1850 | D:3      | Reached skill level 5 in Armour
  1911 | D:3      | Reached XP level 7. HP: 54/55 MP: 8/8
  1924 | D:3      | Found an ornate altar of the Wu Jian Council.
  2098 | D:3      | Noticed Natasha
  2104 | D:3      | Killed Natasha
  2112 | D:3      | Noticed Natasha
  2116 | D:3      | Killed Natasha
  2143 | D:4      | Found a staircase to the Ecumenical Temple.
  2154 | Temple   | Entered the Ecumenical Temple
  2300 | D:4      | Reached skill level 5 in Shields
  2556 | D:4      | Reached skill level 5 in Fighting
  2837 | D:4      | Reached skill level 6 in Shields
  2903 | D:4      | Reached XP level 8. HP: 46/62 MP: 9/9
  3168 | D:5      | Entered Level 5 of the Dungeon
  3479 | D:5      | Reached skill level 7 in Shields
  4005 | D:5      | Reached skill level 5 in Long Blades
  4029 | D:5      | Reached XP level 9. HP: 29/68 MP: 10/10
  4468 | D:6      | Noticed Edmund
  4468 | D:6      | Noticed Prince Ribbit
  4490 | D:5      | Killed Edmund
  5064 | D:5      | Killed Prince Ribbit
  5064 | D:5      | Reached skill level 8 in Shields
  5359 | D:6      | Reached skill level 9 in Shields
  5921 | D:6      | Found a shattered altar of Ashenzari.
  6215 | D:7      | Reached XP level 10. HP: 52/78 MP: 12/12
  6460 | D:7      | Found a glowing golden altar of the Shining One.
  6914 | D:7      | Found an iron altar of Okawaru.
  6920 | D:7      | Found a shattered altar of Ashenzari.
  6928 | D:7      | Became a worshipper of Warmaster Okawaru
  7868 | D:8      | Reached * piety under Okawaru
  8174 | D:8      | Found a deep blue altar of Sif Muna.
  8637 | D:9      | Reached skill level 5 in Invocations
  8654 | D:9      | Found a staircase to the Lair.
  8654 | D:9      | Noticed an elephant
  8704 | D:9      | Killed an elephant
  8704 | D:9      | Reached ** piety under Okawaru
  8704 | D:9      | Reached XP level 11. HP: 43/88 MP: 14/14
  9646 | D:10     | Entered Level 10 of the Dungeon
  9911 | D:10     | Found a flagged portal.
  9922 | Bailey   | Entered a bailey
 10667 | Bailey   | Reached skill level 10 in Shields
 11001 | D:10     | Reached *** piety under Okawaru
 11627 | D:11     | Found Nyforutt's Antique Armour Emporium.
 11643 | D:11     | Found a staircase to the Orcish Mines.
 11651 | D:11     | Found a roughly hewn altar of Beogh.
 12055 | D:11     | Reached skill level 5 in Evocations
 12356 | D:11     | Noticed a two-headed ogre
 12362 | D:11     | Killed a two-headed ogre
 12362 | D:11     | Reached **** piety under Okawaru
 12481 | Orc:1    | Entered Level 1 of the Orcish Mines
 12481 | Orc:1    | Noticed an orc high priest
 12484 | Orc:1    | Noticed a soul eater
 12580 | Orc:1    | Noticed an orc warlord
 12705 | D:11     | Killed an orc warlord
 12705 | D:11     | Reached skill level 10 in Fighting
 12705 | D:11     | Reached XP level 12. HP: 41/97 MP: 16/16
 12982 | Orc:1    | Noticed a soul eater
 13251 | D:11     | Reached ***** piety under Okawaru
 13251 | D:11     | Reached skill level 10 in Armour
 13257 | Orc:1    | Noticed a soul eater
 13268 | D:11     | Killed an orc high priest
 13938 | Orc:1    | HP: 1/97 [orc priest/+0 whip of electrocution (20)]
 13942 | Orc:1    | Noticed an ettin
 13948 | D:11     | Reached skill level 11 in Shields
 14258 | Orc:1    | Killed an ettin
 14258 | Orc:1    | Received a gift from Okawaru
 14963 | Orc:2    | Entered Level 2 of the Orcish Mines
 15519 | Orc:2    | Noticed Snorg
 15587 | Orc:2    | Killed Snorg
 15810 | Orc:2    | Reached skill level 12 in Shields
 15917 | Orc:2    | Noticed Josephine
 15960 | Orc:2    | Killed Josephine
 15960 | Orc:2    | Received a gift from Okawaru
 15960 | Orc:2    | Reached XP level 13. HP: 61/106 MP: 18/18
 16281 | Orc:2    | Found a staircase to the Elven Halls.
 16559 | Orc:2    | Gained mutation: Your body sometimes deteriorates upon
                  | taking damage. [a neqoxec]
 16565 | Orc:2    | Gained mutation: You occasionally shout uncontrollably at
                  | your foes. [a neqoxec]
 16801 | Orc:2    | Found Neepeh's Antique Armour Shoppe.
 16868 | Orc:2    | Found an ancient bone altar of Kikubaaqudgha.
 16911 | Orc:2    | Found Fewk's Antique Weapon Emporium.
 16941 | Orc:2    | Noticed Saint Roka
 17013 | Orc:2    | Mangled by Saint Roka

Levels and vault maps discovered:
D:1:      dpeg_arrival_concentric_ovals, layout_basic
D:2:      minmay_door_path, layout_loops_ring,
          grunt_temple_overflow_forces_of_nature, trog_three_pillars_becter,
          uniq_jessica
D:3:      layout_rooms, nicolae_overflow_crystal_walls, st_stairs_6, uniq_ijyb,
          uniq_sigmund, uniq_natasha
D:4:      layout_basic, minmay_temple_entry_purple_smoke
D:5:      layout_basic, first_ration, minmay_misc_feat_pillars,
          minmay_fountain_box
D:6:      layout_rooms, nicolae_ashenzari_panopticon, uniq_edmund,
          uniq_prince_ribbit1
D:7:      layout_basic, nicolae_overflow_hidden_temple, lemuel_tele_altar
D:8:      layout_basic, kennysheep_little_box
D:9:      layout_grid_maze, david_lair_generic, blue_anna_alchemist
          [blue_anna_fruit_fields, blue_anna_fruit_fields]
D:10:     layout_small_grid, enter_bailey_3
D:11:     layout_roguey, minmay_orc_entry_temple_small, serial_shops,
          nicolae_shop_overgrown_old_shop
Temple:   nicolae_temple_elliptical
Orc:1:    layout_caves
Orc:2:    kennysheep_orc_mage_school, layout_diamond_mine, uniq_saint_roka,
          uniq_snorg, uniq_josephine

Skill      XL: |  1  2  3  4  5  6  7  8  9 10 11 12 13 |
---------------+----------------------------------------+-----
Shields        | 4 6 7 9 10 12 | 12.0
Dodging        | 1 2 3 4 |  4.3
Long Blades    | 3 4 5 6 7 9 |  9.9
Fighting       | 4 5 6 7 9 10 11 | 11.1
Evocations     | 1 2 3 4 5 6 |  6.1
Armour         | 5 7 8 9 10 11 | 11.0
Invocations    | 5 6 7 |  7.0

Action                   |  1- 3 |  4- 6 |  7- 9 | 10-12 | 13-15 || total
-------------------------+-------+-------+-------+-------+-------++-------
Melee: Long sword        |    43 |   103 |   354 |       |       ||   500
       Scimitar          |       |       |    55 |   298 |       ||   353
       Great sword       |       |       |       |   507 |    98 ||   605
Throw: Boomerang         |    25 |    35 |   102 |   222 |    27 ||   411
       Stone             |     3 |       |    28 |    72 |       ||   103
       Javelin           |       |    22 |       |    28 |    24 ||    74
       Dart              |       |       |    11 |       |       ||    11
Invok: Heroism           |       |       |       |    13 |     1 ||    14
       Finesse           |       |       |       |     2 |     1 ||     3
 Abil: Dig               |       |     1 |     1 |    10 |       ||    12
Evoke: Wand              |       |       |       |     4 |       ||     4
  Use: Scroll            |     3 |     6 |     7 |     7 |       ||    23
       Potion            |       |       |       |     5 |     2 ||     7
 Stab: Invisible         |       |       |       |     3 |     2 ||     5
  Eat: Chunk             |       |     4 |    11 |    27 |     4 ||    46
       Ration            |       |       |     1 |     4 |       ||     5
Armor: Scale mail        |    26 |    27 |    21 |       |       ||    74
       Chain mail        |       |       |    95 |    28 |       ||   123
       Plate armour      |       |       |       |   237 |    23 ||   260
Dodge: Dodged            |    12 |    31 |   122 |   187 |     6 ||   358
Block: Shield            |    20 |    39 |   212 |   772 |    48 ||  1091
       Reflection        |       |       |       |    52 |     4 ||    56
       Rpst.: Long sword |     5 |    10 |    35 |       |       ||    50
       Scimitar          |       |       |     5 |    19 |       ||    24
       Great sword       |       |       |       |    22 |     2 ||    24

Table legend:
 A = Non-vault XP
 B = Vault XP
 C = Vault XP percentage of total XP
 D = Non-vault monster count
 E = Vault monster count
 F = Vault count percentage of total count
                 A         B        C        D         E       F
            +---------+---------+-------+---------+---------+-------
      Total |   22062 |   11090 |  33.5 |     309 |      87 |  22.0
            +---------+---------+-------+---------+---------+-------
        D:1 |      36 |       0 |   0.0 |      18 |       0 |   0.0
        D:2 |      66 |      49 |  42.6 |      25 |       5 |  16.7
        D:3 |     143 |     298 |  67.6 |      14 |       4 |  22.2
        D:4 |     513 |       0 |   0.0 |      20 |       0 |   0.0
        D:5 |    1138 |     439 |  27.8 |      25 |       2 |   7.4
        D:6 |    1163 |       0 |   0.0 |      21 |       0 |   0.0
        D:7 |     910 |       0 |   0.0 |      19 |       0 |   0.0
        D:8 |    1644 |       0 |   0.0 |      14 |       0 |   0.0
        D:9 |    1159 |    1148 |  49.8 |      21 |       5 |  19.2
       D:10 |    1835 |       6 |   0.3 |      27 |       4 |  12.9
       D:11 |    7634 |     238 |   3.0 |      54 |       9 |  14.3
      Orc:1 |    2803 |       0 |   0.0 |      17 |       0 |   0.0
      Orc:2 |    3018 |    7681 |  71.8 |      34 |      31 |  47.7
     Bailey |       0 |    1231 | 100.0 |       0 |      27 | 100.0
            +---------+---------+-------+---------+---------+-------
